 Dungeon Crawl Stone Soup version 0.31-a0-765-g67fe2935dc (webtiles) character file.

Game seed: 11831299483502054603

122 Pixllover the Cudgeller (level 5, 0/33 HPs)
             Began as a Gargoyle Berserker on Sept 16, 2023.
             Was a Believer of Trog.
             Slain by a river rat (4 damage)
             ... on level 3 of the Dungeon.
             The game lasted 00:03:58 (2045 turns).

Pixllover the Cudgeller (Gargoyle Berserker)        Turns: 2045, Time: 00:03:59

Health: 0/33       AC: 10    Str: 22    XL:     5   Next: 6%
Magic:  5/5        EV: 12    Int:  8    God:    Trog [**....]
Gold:   112        SH:  0    Dex:  9    Spells: 4/4 levels left

rFire   . . .        a - +0 mace
rCold   . . .        (no shield)
rNeg    + . .        b - +0 animal skin
rPois   ∞            e - +0 helmet
rElec   +            (no cloak)
rCorr   .            n - +2 pair of gloves
SInv    .            (no boots)
Will    .....        (no amulet)
Stlth   +            (no ring)
HPRegen 0.25/turn    (no ring)
MPRegen 0.09/turn

%: no passive effects
@: very slow
A: sickness immunity, AC +4, negative energy resistance 1, electricity
resistance, torment resistance 1, petrification resistance
a: Renounce Religion, Berserk, Trog's Hand


You were on level 3 of the Dungeon.
You worshipped Trog.
Trog was pleased with you.
You visited 1 branch of the dungeon, and saw 3 of its levels.

You collected 112 gold pieces.

Inventory:

Hand Weapons
 a - a +0 mace (weapon)
 k - a +3 short sword
Armour
 b - a +0 animal skin (worn)
 e - a +0 helmet (worn)
 n - a +2 pair of gloves (worn)
Scrolls
 c - 2 scrolls of teleportation
 m - a scroll of identify {unknown}
 o - a scroll of enchant armour {unknown}
Potions
 d - a potion of heal wounds {unknown}
 f - a potion of mutation {unknown}
 g - 2 potions of brilliance {unknown}
 h - 2 potions of curing {unknown}
 i - a potion of berserk rage {unknown}
 j - a potion of attraction {unknown}
 l - 2 potions of enlightenment {unknown}


   Skills:
 + Level 4.2 Fighting
 + Level 4.3 Maces & Flails
 + Level 2.3 Armour
 + Level 2.4 Dodging


You had 4 spell levels left.
You didn't know any spells.
Your spell library was empty.

Dungeon Overview and Level Annotations

Branches:
Dungeon (3/15)

Altars:


Innate Abilities, Weirdness & Mutations

You are immune to sickness and miasma.
Your stone body is resilient. (AC +4)
You are immune to poison.
You resist negative energy. (rN+)
You are resistant to electric shocks. (rElec)
You are resistant to unholy torment.
You are immune to petrification.


Message History

You thump the worm!
You kill the worm!
Trog accepts your kill. The rat bites you but does no damage.
You barely miss the river rat. The river rat closely misses you.
The rat closely misses you.
You hit the rat but do no damage. The river rat bites you.
The rat splashes around in the water.
You closely miss the river rat. The river rat bites you. The rat misses you.
The river rat bites you.
You closely miss the river rat. The rat bites you.
The river rat bites you but does no damage.
You hit the river rat.
The river rat is lightly wounded.
The rat barely misses you. The river rat bites you.
You barely miss the river rat.
The rat splashes around in the water.
The river rat barely misses you.
The rat splashes around in the water.
You closely miss the river rat.
The river rat bites you but does no damage.
The rat splashes around in the water.
You hit the river rat.
The river rat is heavily wounded.
The river rat bites you. The rat barely misses you. The river rat bites you.
Your unstable footing causes you to fumble your attack.
The rat bites you but does no damage. The river rat barely misses you.
You closely miss the river rat.
The river rat is heavily wounded.
The rat splashes around in the water.
The river rat closely misses you.
You hit the river rat but do no damage.
The river rat is heavily wounded.
The rat barely misses you. The river rat bites you.
The rat bites you but does no damage.
Your unstable footing causes you to fumble your attack.
The river rat bites you!
* * * LOW HITPOINT WARNING * * *
The rat closely misses you.
You hit the river rat but do no damage.
The river rat is heavily wounded.
The river rat bites you.
You die...

#~ ~# #..........# #~ ~~
#..........# ~##r#
#..........# ~~#~#
#..........#~##~#~#
#..........# ~~~#~#
#.....>....####r#~#
#..........#~~~@r~# ###
#.........<#~########..
####....####~~~~~~~~~#
#....#######~#~#~~###
#<.....#..~~~~~.~...######
#....#.#..÷.~............#
#.....÷....÷......######.#
####.#...##......### ###.#
#.##............###.÷.#


You could see a river rat and a rat.

Vanquished Creatures
  An orc priest (D:3)
  3 adders
  A river rat (D:3)
  2 worms
  3 dart slugs (D:2)
  4 orcs (D:3)
  4 endoplasms
  A giant cockroach (D:2)
  A goblin (D:2)
  3 hobgoblins
  4 jackals (D:1)
  4 kobolds
  2 quokkas
  5 ball pythons
  3 frilled lizards
  A rat (D:1)
42 creatures vanquished.

Notes
Turn   | Place    | Note
-------+----------+-------------------------------------------
     0 | D:1      | Pixllover the Gargoyle Berserker began the quest for the
                  | Orb.
     0 | D:1      | Reached XP level 1. HP: 14/14 MP: 1/1
   541 | D:1      | Reached XP level 2. HP: 19/19 MP: 2/2
   680 | D:1      | Found a faded altar of an unknown god.
   840 | D:2      | Reached XP level 3. HP: 21/24 MP: 3/3
  1197 | D:2      | Reached ** piety under Trog
  1717 | D:3      | Reached XP level 4. HP: 28/29 MP: 4/4
  1949 | D:3      | Reached XP level 5. HP: 16/33 MP: 5/5
  2045 | D:3      | Slain by a river rat

Illustrated notes

Levels and vault maps discovered:
D:1:      wander_arrival_chamber, layout_basic,
          ebering_ecumenical_altar_abandoned
D:2:      layout_basic
D:3:      layout_rooms, ebering_ghost_sewer_f, lightli_sewer_entry_pipes,
          minmay_misc_feat_chi

Skill      XL: |  1  2  3  4 |
---------------+-------------+-----
Dodging        | 2 |  2.4
Fighting       | 4 |  4.2
Maces & Flails | 4 |  4.3
Armour         | |  2.3

Action                     |  1- 3 |  4- 6 || total
---------------------------+-------+-------++-------
  Melee: Mace              |   107 |    79 ||   186
 Invoke: Berserk           |       |     1 ||     1
    Use: Scroll            |     2 |       ||     2
 Armour: Animal skin       |    64 |    56 ||   120
  Dodge: Dodged            |   100 |    54 ||   154

Table legend: (Time is in decaauts)
 A = Elapsed time spent in this place.
 B = Non-inter-level travel time spent in this place.
 C = Inter-level travel time spent in this place.
 D = Time resting spent in this place.
 E = Time spent auto-exploring this place.
 F = Levels seen in this place.
 G = Mean time per level.
                   A        B        C        D        E       F      G
               +--------+--------+--------+--------+--------+-----+--------+
         Total |   2099 |   2079 |     20 |      6 |   1239 |   3 |  699.7 |
       Dungeon |   2099 |   2079 |     20 |      6 |   1239 |   3 |  699.7 |
               +--------+--------+--------+--------+--------+-----+--------+

Top non-repeatable levels by time:
     D:2: 882 daAuts
     D:1: 837 daAuts
     D:3: 379 daAuts
